 Dungeon Crawl Stone Soup version 0.29.1-15-g9cfb28693d (webtiles) character file.

Game seed: 4518397794871044073

4321 protoss039 the Shield-Bearer (level 10, 74/74 HPs)
             Began as a Demonspawn Earth Elementalist on Mar 12, 2023.
             Got out of the dungeon alive.
             The game lasted 00:13:49 (9687 turns).

protoss039 the Shield-Bearer (DsEE)                 Turns: 9687, Time: 00:13:49

Health: 74/74      AC:  9    Str: 10    XL:     10   Next: 11%
Magic:  17/17      EV: 15    Int: 20    God:
Gold:   294        SH:  5    Dex: 13    Spells: 11/19 levels left

rFire   x . .      SeeInvis .   i - +0 dagger
rCold   + . .      Faith    .   h - +0 buckler
rNeg    . . .      Spirit   .   C - +0 steam dragon scales
rPois   .          Reflect  .   x - +2 helmet
rElec   .          Harm     .   (no cloak)
rCorr   .          Rampage  .   (no gloves)
Will    .....                   (no boots)
Stlth   ++........              (no amulet)
HPRegen 0.22/turn               f - +4 ring of evasion
MPRegen 0.15/turn               u - ring of ice

@: no status effects
A: demonic guardian 1, sanguine armour 1, demonic magic 2, demonic touch 2
a: no special abilities


You escaped.
You visited 1 branch of the dungeon, and saw 7 of its levels.

You collected 468 gold pieces.
You spent 174 gold pieces at shops.

Inventory:

Hand Weapons
 i - a +0 dagger (weapon)
 A - a +2 flail of draining
Armour
 h - a +0 buckler (worn)
 x - a +2 helmet (worn)
 y - the +8 orange crystal plate armour {Archmagi, Int+3 Clar}
   (You found it on level 4 of the Dungeon)

   Int:       It affects your intelligence (+3).
   Clar:      It protects you against confusion.
 C - +0 steam dragon scales (worn)
 F - a +2 robe of cold resistance
Jewellery
 f - a +4 ring of evasion (left hand)
 u - a ring of ice (right hand)
Wands
 B - a wand of flame (8)
 E - a wand of charming (9)
Scrolls
 c - 2 scrolls of brand weapon {unknown}
 d - 3 scrolls of blinking
 j - 3 scrolls of identify
 l - 4 scrolls of magic mapping
 m - 2 scrolls of teleportation
 n - 2 scrolls of fear {unknown}
 q - a scroll of vulnerability {unknown}
 s - a scroll of enchant armour {unknown}
 w - 4 scrolls of fog {unknown}
 z - a scroll of immolation {unknown}
 D - a scroll of enchant weapon {unknown}
Potions
 a - a potion of invisibility {unknown}
 b - 2 potions of magic
 e - 9 potions of curing
 g - a potion of ambrosia {unknown}
 k - 4 potions of lignification
 o - 2 potions of might {unknown}
 p - a potion of brilliance {unknown}
 r - 6 potions of heal wounds
 t - a potion of degeneration {unknown}
 v - a potion of flight {unknown}


   Skills:
 + Level 5.2 Fighting
 - Level 6.0 Armour
 - Level 1.7 Dodging
 - Level 1.7 Stealth
 - Level 6.0 Shields
 + Level 5.2 Spellcasting
 + Level 4.8 Conjurations
 - Level 1.0 Transmutations
 - Level 3.0 Air Magic
 + Level 5.7 Earth Magic


You had 11 spell levels left.
You knew the following spells:

 Your Spells              Type           Power      Damage    Failure   Level
a - Sandblast             Erth           56%        2d13      1%          1
b - Passwall              Tmut/Erth      15%        N/A       5%          2
c - Stone Arrow           Conj/Erth      52%        3d10      4%          3
d - Static Discharge      Conj/Air       20%        3-6/arc   4%          2

Your spell library contained the following spells:

 Spells                   Type           Power      Damage    Failure   Level
 Foxfire                  Conj/Fire      56%        2x1d6     5%          1
 Beastly Appendage        Tmut           18%        N/A       10%         1
 Sting                    Tmut/Pois      28%        1d4       12%         1
 Poisonous Vapours        Pois/Air       22%        N/A       12%         2
 Wereblood                Tmut           9%         N/A       14%         2
 Conjure Flame            Conj/Fire      14%        6-21      16%         3
 Blink                    Tloc           10%        N/A       22%         2
 Spider Form              Tmut/Pois      7%         N/A       34%         3
 Petrify                  Tmut/Erth      18%        N/A       34%         4
 Lee's Rapid Deconstruct  Erth           14%        3d10*     36%         5
 Call Canine Familiar     Summ           5%         N/A       41%         3
 Inner Flame              Hex/Fire       5%         N/A       41%         3
 Lesser Beckoning         Tloc           5%         N/A       41%         3
 Portal Projectile        Hex/Tloc       10%        N/A       41%         3
 Leda's Liquefaction      Hex/Erth       8%         N/A       41%         4
 Flame Wave               Conj/Fire      14%        2d6       47%         4
 Lightning Bolt           Conj/Air       10%        1d23      63%         5
 Olgreb's Toxic Radiance  Pois           5%         N/A       82%         4
 Manifold Assault         Tloc           5%         N/A       99%         5
 Statue Form              Tmut/Erth      12%        N/A       99%         6
 Maxwell's Capacitive Co  Air            8%         ∞         100%        8


Dungeon Overview and Level Annotations

Branches:
Dungeon (7/15) Zot: 24737  Temple (0/1) D:7

Altars:
Ashenzari
Cheibriados
Fedhas
Gozag
Hepliaklqana
Nemelex Xobeh
Uskayaw
Xom
Yredelemnul

Shops:
D:3 !(:*


Innate Abilities, Weirdness & Mutations

A weak demonic guardian rushes to your aid.
When seriously injured, your blood forms armour. (AC +0)
Spells you cast may paralyse nearby enemies.
Your touch may inflict irresistible damage on your foes.


Message History

Your iron imp disappears in a puff of smoke!
You see here a killer bee corpse.
You see here a killer bee corpse.
Found a battleaxe.
Done exploring.
Done exploring.
Done exploring.
Done exploring.
Done exploring.
Search for what [Enter for "."]? .
Items here: ))) [.
F - a +2 robe of cold resistance
Okay, then.
Done exploring.
Done exploring.
(D) Dungeon (T) Temple
Where to? (Enter - D:7 @ (x,y), ? - help)
What level of the Dungeon? (default 1, ? - help)
There is a stone staircase leading up here.
You climb upwards.
There is a stone staircase leading down here.
There is a stone staircase leading up here.
You climb upwards.
There is a stone staircase leading down here.
There is a stone staircase leading up here.
You climb upwards.
There is a stone staircase leading down here.
There is a stone staircase leading up here.
You climb upwards.
There is a stone staircase leading down here.
There is a stone staircase leading up here.
You climb upwards.
There is a stone staircase leading down here.
There is a stone staircase leading up here.
You climb upwards.
There is a stone staircase leading down here.
There is an open door here.
There is a staircase leading out of the dungeon here.
Are you sure you want to leave the Dungeon?
This will make you lose the game!
You have escaped!

.#+### #.#####.
.....##♣♣♣######## #...(...
.#####....#...'..#♣##
######.. .#
#.....#...#..#♣.####### #.#
.# #.....######.#♣...'...##
##.. .#
##♣......♣♣#.#♣♣..###..###...
.#
♣♣♣♣.....#'###♣..♣##...#...
.#
#######..#...##..♣##...#...
.#
#.....'..#@...'........#.##
.# #...###..##.(##...#......#
.##
#...'<#...####...♣##....##
..# #..####.~~~~....♣♣ #....#
..########~~~~~.~~~~~♣♣
##...#### .....##
#~~~~~~~~~~~~~# #.......#
####..#
#♣♣~~~~8~~~~♣♣###.......#
##.###
♣♣♣♣~~~~♣♣♣##.........#
#...########### ##.....######


There were no monsters in sight!

Vanquished Creatures
  Pikel (D:6)
  Grinder (D:6)
  Prince Ribbit (D:6)
  Eustachio (D:4)
  A steam dragon (D:7)
  Menkaure (D:7)
  An ice beast (D:5)
  An ogre (D:5)
  A black bear (D:6)
  A sky beast (D:6)
  A centaur (D:6)
  2 kobold brigands (D:6)
  A lemure (D:6)
  Blork the orc (D:6)
  2 necrophages (D:7)
  3 bullfrogs (D:7)
  6 scorpions
  A wyvern zombie (D:7)
  A water moccasin zombie (D:7)
  4 wights (D:7)
  6 killer bees (D:7)
  2 howler monkeys
  2 centaur zombies (D:7)
  A human zombie (D:7)
  An orc priest (D:4)
  A hound (D:7)
  2 jellies (D:5)
  8 iguanas
  2 orc wizards (D:7)
  A killer bee zombie (D:7)
  A mummy (D:7)
  A howler monkey zombie (D:7)
  9 gnolls
  9 adders
  A shadow imp (D:5)
  A white imp (D:7)
  3 ufetubi
  6 worms
  21 orcs
  7 ball pythons
  6 bats
  5 endoplasms
  5 giant cockroaches
  10 hobgoblins
  5 jackals
  17 kobolds
  4 quokkas
  3 frilled lizards
  6 goblins
  4 rats
182 creatures vanquished.

Vanquished Creatures (collateral kills)
  A centaur (D:7)
  A wight (D:7)
  3 killer bees (D:7)
  An orc (D:7)
6 creatures vanquished.

Grand Total: 188 creatures vanquished

Notes
Turn   | Place    | Note
-------+----------+-------------------------------------------
     0 | D:1      | protoss039 the Demonspawn Earth Elementalist began the
                  | quest for the Orb.
     0 | D:1      | Reached XP level 1. HP: 13/13 MP: 3/3
   298 | D:1      | Gained mutation: Spells you cast may paralyse adjacent
                  | enemies. [demonic ancestry]
   298 | D:1      | Reached XP level 2. HP: 8/20 MP: 0/5
   585 | D:1      | Reached skill level 1 in Fighting
  1240 | D:1      | Learned a level 2 spell: Passwall
  1292 | D:2      | Gained mutation: Spells you cast may paralyse nearby
                  | enemies. [demonic ancestry]
  1292 | D:2      | Reached XP level 3. HP: 26/26 MP: 4/6
  1444 | D:2      | Found a faded altar of an unknown god.
  1484 | D:2      | Found a hazy altar of Hepliaklqana.
  1779 | D:2      | Learned a level 3 spell: Stone Arrow
  1878 | D:3      | Found a snail-covered altar of Cheibriados.
  2038 | D:3      | Found Lemel's Book Shop.
  2048 | D:3      | Gained mutation: Your touch may inflict minor irresistible
                  | damage on your foes. [demonic ancestry]
  2048 | D:3      | Reached XP level 4. HP: 27/33 MP: 5/8
  2158 | D:3      | Found Cifarruas's Antique Weapon Boutique.
  2239 | D:3      | Found Imurgh's Assorted Antiques.
  2451 | D:3      | Found Sautwi's Distillery.
  2457 | D:3      | Bought a potion of heal wounds for 50 gold pieces
  2457 | D:3      | Bought a potion of curing for 30 gold pieces
  2457 | D:3      | Bought a potion of lignification for 30 gold pieces
  2457 | D:3      | Bought a potion of curing for 30 gold pieces
  2708 | D:3      | Bought a scroll labelled RIYT ELURPH for 18 gold pieces
  2708 | D:3      | Bought a grey potion for 16 gold pieces
  2721 | D:4      | Found the +8 orange crystal plate armour {Archmagi, Int+3
                  | Clar}
  2834 | D:4      | Reached skill level 1 in Armour
  2834 | D:4      | Reached skill level 1 in Shields
  2834 | D:4      | Reached XP level 5. HP: 38/38 MP: 3/9
  2942 | D:4      | Reached skill level 1 in Conjurations
  3099 | D:4      | Found a blossoming altar of Fedhas.
  3119 | D:4      | Noticed Eustachio
  3131 | D:4      | Killed Eustachio
  3132 | D:4      | Reached XP level 6. HP: 27/45 MP: 6/10
  3634 | D:4      | Found a hide-covered altar of Uskayaw.
  4274 | D:5      | Entered Level 5 of the Dungeon
  4376 | D:5      | Reached XP level 7. HP: 45/51 MP: 7/12
  5255 | D:5      | Learned a level 2 spell: Static Discharge
  5277 | D:6      | Reached skill level 1 in Transmutations
  5277 | D:6      | Gained mutation: Your touch may inflict irresistible damage
                  | on your foes. [demonic ancestry]
  5277 | D:6      | Reached XP level 8. HP: 47/58 MP: 9/13
  5707 | D:6      | Reached skill level 1 in Air Magic
  5860 | D:6      | Noticed Prince Ribbit
  5878 | D:6      | Killed Prince Ribbit
  6350 | D:6      | Found a sparkling altar of Nemelex Xobeh.
  6372 | D:6      | Noticed Pikel
  6374 | D:6      | Noticed Grinder
  6392 | D:6      | Killed Pikel
  6392 | D:6      | Paralysed by Grinder for 3 turns
  6393 | D:6      | Gained mutation: A weak demonic guardian rushes to your
                  | aid. [demonic ancestry]
  6393 | D:6      | Reached XP level 9. HP: 15/65 MP: 7/15
  6407 | D:6      | Killed Grinder
  6408 | D:6      | Reached skill level 5 in Shields
  6778 | D:6      | Reached skill level 5 in Armour
  6778 | D:6      | Reached skill level 5 in Earth Magic
  6793 | D:6      | Noticed Blork the orc
  6799 | D:6      | Killed Blork the orc
  7689 | D:7      | Found a shimmering altar of Xom.
  7703 | D:7      | Found an opulent altar of Gozag.
  7729 | D:7      | Noticed Menkaure
  7856 | D:7      | Found a broken altar of Ashenzari.
  8127 | D:7      | Killed Menkaure
  8413 | D:7      | Found a staircase to the Ecumenical Temple.
  8503 | D:7      | Found a basalt altar of Yredelemnul.
  8671 | D:7      | Reached skill level 5 in Spellcasting
  8768 | D:7      | Reached skill level 5 in Fighting
  8817 | D:7      | Gained mutation: When seriously injured, your blood forms
                  | armour. (AC +0) [demonic ancestry]
  8817 | D:7      | Reached XP level 10. HP: 74/74 MP: 9/17
  9687 | D:$      | Got out of the dungeon alive.

Illustrated notes

Levels and vault maps discovered:
D:1:      sevenhm_arrival_forest_fort_small_5, layout_basic
D:2:      layout_basic, hellmonk_ecumenical_altar_crossroads, basic_altar
D:3:      layout_basic, cheibrodos_worm_habitat, serial_shops, shop, shop,
          nicolae_diamond_shop, shop
D:4:      layout_basic, fedhas_altar_1,
          nicolae_uskayaw_murder_on_the_dancefloor, uniq_eustachio
D:5:      layout_basic
D:6:      layout_layer_cave, mainiacjoe_overflow_paths, abandoned_shop,
          nicolae_figureground_pulse, uniq_pikel, uniq_blork_the_orc,
          uniq_prince_ribbit1, uniq_grinder
D:7:      layout_layer_cave, mainiacjoe_overflow_cross_hatched,
          lemuel_mausoleum_altar_yredelemnul, tgw_xom, old_standard_altar,
          minmay_temple_entry_offerings, uniq_menkaure

Skill      XL: |  1  2  3  4  5  6  7  8  9 |
---------------+----------------------------+-----
Fighting       | 1 2 3 4 5 |  5.2
Earth Magic    | 3 4 5 |  5.7
Armour         | 1 2 3 4 6 |  6.0
Shields        | 1 2 3 4 6 |  6.0
Conjurations   | 1 2 3 4 |  4.8
Spellcasting   | 3 4 5 |  5.2
Transmutations | 1 |  1.0
Air Magic      | 2 3 |  3.0
Dodging        | |  1.7
Stealth        | |  1.7

Action                   |  1- 3 |  4- 6 |  7- 9 | 10-12 || total
-------------------------+-------+-------+-------+-------++-------
Melee: Unarmed           |    18 |       |       |       ||    18
       Whip              |    10 |       |       |       ||    10
       Dagger            |    20 |    52 |    97 |       ||   169
 Cast: Sandblast         |    55 |    75 |   192 |    14 ||   336
       Stone Arrow       |       |       |    11 |     4 ||    15
Evoke: Wand              |       |       |     3 |       ||     3
  Use: Scroll            |       |     3 |     3 |       ||     6
 Stab: Paralysed         |     8 |    21 |    45 |       ||    74
       Sleeping          |       |     2 |       |       ||     2
Armor: Robe              |    14 |       |       |       ||    14
       Leather armour    |     8 |     8 |    20 |       ||    36
       Steam dragon scal |       |       |    13 |     8 ||    21
Dodge: Dodged            |    54 |    63 |   143 |    26 ||   286
Block: Buckler           |     2 |     7 |    39 |     5 ||    53
